 Dungeon Crawl Stone Soup version 0.23-a0-79-gaa8cc03057 (webtiles) character file.

3609 LLavrengius the Martial Artist (level 10, -3/69 HPs)
             Began as an Octopode Transmuter on Aug 12, 2018.
             Was a Believer of Ashenzari.
             Slain by a tentacled starspawn (5 damage)
             ... on level 1 of the Abyss.
             The game lasted 00:53:00 (8632 turns).

LLavrengius the Martial Artist (OpTm)               Turns: 8632, Time: 00:53:01

Health: -3/69      AC:  2    Str:  9    XL:     10   Next: 11%
Magic:  15/18      EV: 21    Int: 18    God:    Ashenzari [**....]
Gold:   191        SH:  0    Dex: 19    Spells: 14/20 levels left

rFire    x . .     SeeInvis .     - Unarmed
rCold    + . .     Gourm    .   (shield currently unavailable)
rNeg     . . .     Faith    .   (helmet currently unavailable)
rPois    x         Spirit   .   (no amulet)
rElec    .         Reflect  .   J - ring of ice
rCorr    .         Harm     .   (no ring)
MR       .....                  (no ring)
Stlth    ++........             (no ring)
HPRegen  0.21/turn              (no ring)
MPRegen  0.16/turn              (no ring)
                                (no ring)
                                (no ring)

@: about to teleport, spider-form, constricted
A: tiny, almost no armour, stealthy swim, (amphibious), 8 rings, (constrict 8)
a: End Transformation, Curse Item, Scrying, Renounce Religion


You were on level 1 of the Abyss.
You worshipped Ashenzari.
Ashenzari was pleased with you.
You were not hungry.
You were a venomous arachnid creature.
You visited 1 branch of the dungeon, and saw 9 of its levels.
You visited the Abyss 1 time.

You collected 378 gold pieces.
You spent 187 gold pieces at shops.

Inventory:

Hand Weapons
 w - a cursed -1 hunting sling (melded)
Missiles
 d - 8 javelins (quivered)
 e - 189 stones
 i - a throwing net
 j - 11 tomahawks
 s - 5 curare-tipped needles
 t - 35 bolts
 z - 69 sling bullets
 K - 17 poisoned needles
 M - 20 arrows
Armour
 n - a cursed +0 buckler of protection (melded)
Magical Staves
 N - an uncursed staff of power
Jewellery
 H - an uncursed amulet of rage
 J - a ring of ice (left front leg)
Wands
 o - a wand of acid (11)
 q - a wand of flame (33)
 G - a wand of disintegration (14)
Scrolls
 b - a scroll of random uselessness {unknown}
 h - 3 scrolls of blinking {unknown}
 k - a scroll of magic mapping {unknown}
 m - 6 scrolls of identify {unknown}
 p - a scroll of noise {unknown}
 y - a scroll of enchant armour {unknown}
 C - a scroll of remove curse
 D - a scroll of immolation {unknown}
 E - a scroll of brand weapon {unknown}
 L - a scroll of fear {unknown}
Potions
 f - 2 potions of magic {unknown}
 g - 6 potions of curing
 l - 2 potions of cancellation {unknown}
 r - 2 potions of degeneration
 u - 2 potions of haste {unknown}
 v - 2 potions of agility
 x - 3 potions of mutation {unknown}
 A - 2 potions of ambrosia {unknown}
 B - 2 potions of flight {unknown}
 F - 2 potions of heal wounds
 I - a potion of brilliance
Comestibles
 c - 11 rations


   Skills:
 + Level 6.6 Fighting
 + Level 5.2 Dodging
 - Level 3.0(4.3) Shields
 * Level 8.6 Unarmed Combat
 + Level 5.5 Spellcasting
 - Level 3.0 Transmutations
 - Level 5.0 Poison Magic


You had 14 spell levels left.
You knew the following spells:

 Your Spells              Type           Power        Failure   Level  Hunger
a - Beastly Appendage     Tmut           ###...       12%         1    None
b - Sticks to Snakes      Tmut           ###.....     16%         2    #......
c - Spider Form           Tmut/Pois      ###.......   21%         3    ##.....

Your spell library contained the following spells:

 Spells                   Type           Power        Failure   Level  Hunger
 Blade Hands              Tmut           ###.......   87%         5    ######.
 Ice Form                 Ice/Tmut       ###.....     77%         4    ####...


Dungeon Overview and Level Annotations

Branches:
Dungeon (9/15)             Temple (0/1) D:7
   Lair: D:8-11         Orc: D:9-12

Altars:
Ashenzari
Dithmenos
Okawaru
Xom
Yredelemnul

Shops:
D:5 !:!   D:6 %

Annotations:
D:3 3 runed doors, nawrastar's ghost, amateur HOAK
D:8 Psyche


Innate Abilities, Weirdness & Mutations

You cannot wear most types of armour.
You are very stealthy in the water. (Stealth+)
((You are amphibious.))
You can wear up to eight rings at the same time.
((You can use your tentacles to constrict eight enemies at once.))
((Your skin changes colour to match your surroundings (Stealth+).))
((Your rubbery body absorbs attacks. (AC +1, EV +1)))


Message History

The tentacled starspawn closely misses you.
The tentacled starspawn misses you.
A tentacle flies out from the starspawn's body!
The orc priest calls down the wrath of Beogh upon you.
Beogh smites you!
A starspawn tentacle comes into view.
You bite the starspawn tentacle!
The starspawn tentacle is heavily damaged.
The tentacled starspawn bites you. The tentacled starspawn engulfs you!
You bite the starspawn tentacle!
The starspawn tentacle is almost destroyed.
The starspawn tentacle grabs you. The starspawn tentacle constricts you.
The tentacled starspawn misses you.
The tentacled starspawn closely misses you.
You hit the starspawn tentacle but do no damage.
The starspawn tentacle is almost destroyed.
The starspawn tentacle constricts you. The tentacled starspawn bites you!!
* * * LOW HITPOINT WARNING * * *
The tentacled starspawn engulfs you.
You die...

** , , ,, , ,
, * * , , * ,
** ,, *,*, ,
, , ,,, * * ,
* , ,* ** * *
#**, #### , ,
, ..# #sw# *,
, , , #..
#X## ,* * , #
#..##w#{#*, *
, .# ,,
#.....oo..#,,
*##.. * ,
.##.##..#.#
,#.# .#
####.#,* #. .
, *,,, w#*##
. # .. , ***#
X..# #..## .
, * #####
...#. .


You could see a tentacled starspawn, 2 starspawn tentacles and 2 orc priests.

Vanquished Creatures
  Pikel (D:8)
  A cyclops (D:7)
  Prince Ribbit (D:6)
  A hippogriff (D:8)
  An ice beast (D:7)
  2 orc warriors
  2 sky beasts (D:6)
  5 ogres
  A centaur (D:9)
  3 bullfrogs
  6 howler monkeys (D:8)
  2 crimson imps
  A quasit (D:7)
  5 hounds
  3 jellies
  Crazy Yiuf (D:6)
  A centaur skeleton (D:5)
  3 orc wizards
  A bullfrog skeleton (D:4)
  2 iguanas
  3 worker ants
  A hound skeleton (D:8)
  2 worker ant zombies
  4 gnolls (D:6)
  12 adders
  A shadow imp (D:7)
  4 oozes
  An adder zombie (D:7)
  An adder skeleton (D:4)
  4 worms
  3 dart slugs
  5 leopard geckos
  20 orcs
  4 giant cockroaches
  9 goblins
  5 hobgoblins
  4 jackals (D:1)
  A quokka (D:2)
  3 ball pythons
  9 bats
  6 frilled lizards
  A jackal skeleton (D:7)
  3 kobolds
  A leopard gecko skeleton (D:4)
  10 rats
160 creatures vanquished.

Vanquished Creatures (collateral kills)
  Menkaure (D:6)
  An ogre (D:4)
  2 adders
  2 orcs (D:3)
6 creatures vanquished.

Vanquished Creatures (others)
  4 slaves (D:8)
  A fungus (D:3)
  A plant (D:3)
  3 starspawn tentacles (Abyss:1)
9 creatures vanquished.

Grand Total: 175 creatures vanquished

Notes
Turn   | Place    | Note
-------+----------+-------------------------------------------
     0 | D:1      | LLavrengius the Octopode Transmuter began the quest for the Orb.
     0 | D:1      | Reached XP level 1. HP: 13/13 MP: 3/3
    12 | D:1      | Reached XP level 2. HP: 7/18 MP: 3/5
    16 | D:1      | Learned a level 2 spell: Sticks to Snakes
   806 | D:1      | Reached XP level 3. HP: 23/23 MP: 6/6
   811 | D:1      | Learned a level 3 spell: Spider Form
  1121 | D:2      | Reached skill level 1 in Poison Magic
  1172 | D:2      | Reached XP level 4. HP: 23/29 MP: 7/7
  2043 | D:3      | Reached XP level 5. HP: 23/35 MP: 6/8
  2203 | D:3      | Reached skill level 1 in Shields
  2740 | D:3      | Found a shattered altar of Ashenzari.
  2801 | D:3      | Became a worshipper of Ashenzari the Shackled
  3306 | D:3      | Found a runed gate.
  3306 | D:3      | Found a runed gate.
  3306 | D:3      | Found a runed gate.
  3307 | D:3      | Noticed nawrastar's ghost (amateur HOAK)
  3492 | D:4      | Noticed an ogre
  3515 | D:4      | Reached XP level 6. HP: 42/42 MP: 7/9
  3594 | D:4      | Reached * piety under Ashenzari
  3729 | D:4      | Found a shimmering altar of Xom.
  3730 | D:4      | Found a basalt altar of Yredelemnul.
  3733 | D:4      | Found an iron altar of Okawaru.
  4368 | D:4      | Reached XP level 7. HP: 46/46 MP: 2/10
  4817 | D:5      | Entered Level 5 of the Dungeon
  4860 | D:5      | Found Meistrac's Book Shoppe.
  4994 | D:5      | Found Urul's Distillery.
  5013 | D:5      | Bought a potion of heal wounds for 55 gold pieces
  5013 | D:5      | Bought a potion of agility for 44 gold pieces
  5013 | D:5      | Bought a potion of curing for 33 gold pieces
  5139 | D:5      | Reached skill level 4 in Unarmed Combat
  5520 | D:5      | Found Efremat's Distillery.
  5523 | D:5      | Bought a potion of brilliance for 44 gold pieces
  5523 | D:5      | Bought a potion of degeneration for 11 gold pieces
  5740 | D:6      | Reached skill level 5 in Unarmed Combat
  5740 | D:6      | Reached skill level 5 in Poison Magic
  5740 | D:6      | Reached XP level 8. HP: 54/54 MP: 10/12
  5775 | D:6      | Noticed Prince Ribbit
  5785 | D:6      | Killed Prince Ribbit
  6173 | D:6      | Noticed Menkaure
  6187 | D:6      | Killed Menkaure
  6187 | D:6      | Reached skill level 6 in Unarmed Combat
  6410 | D:6      | Found Ucaisir's Food Shop.
  6437 | D:6      | Reached skill level 5 in Fighting
  6679 | D:6      | Found a shadowy altar of Dithmenos.
  6688 | D:6      | Found a runed door.
  6868 | D:6      | Noticed Crazy Yiuf
  6875 | D:6      | Killed Crazy Yiuf
  6955 | D:7      | Reached XP level 9. HP: 42/61 MP: 12/15
  7078 | D:7      | Noticed a cyclops
  7138 | D:7      | Killed a cyclops
  7138 | D:7      | Reached skill level 7 in Unarmed Combat
  7311 | D:7      | Found a staircase to the Ecumenical Temple.
  7377 | D:7      | Reached ** piety under Ashenzari
  7925 | D:8      | Noticed Pikel
  7940 | D:8      | Killed Pikel
  7940 | D:8      | Reached skill level 5 in Spellcasting
  7948 | D:8      | Reached skill level 8 in Unarmed Combat
  7952 | D:8      | Noticed Psyche
  8134 | D:8      | Reached skill level 5 in Dodging
  8134 | D:8      | Reached XP level 10. HP: 57/69 MP: 14/17
  8530 | D:8      | Cast into level 1 of the Abyss (Psyche)
  8568 | Abyss:1  | Noticed a smoke demon
  8611 | Abyss:1  | Noticed a tentacled starspawn
  8618 | Abyss:1  | Noticed a worldbinder
  8632 | Abyss:1  | HP: 2/69 [tentacled starspawn (24)]
  8632 | Abyss:1  | Slain by a tentacled starspawn

Vault maps used:
D:1:      scummos_arrival_simple_fountains, st_stairs_10, minivault_27,
          corexii_leaking_fountain
D:3:      nicolae_ashenzari_panopticon, gammafunk_ghost_nasty_kobolds,
          first_ration
D:4:      minitemple, minivault_1
D:5:      serial_shops, nicolae_shop_behind_doors, shop_statue, shop
D:6:      overflow_temple_1_default, serial_shops, nicolae_shop_trees,
          uniq_prince_ribbit1, uniq_crazy_yiuf_cottage, uniq_menkaure
D:7:      lemuel_temple_firewalk_b
D:8:      nicolae_gozag_seed_capital, uniq_psyche, uniq_pikel, uniq_maurice
D:9:      lemuel_ice_statue, old_standard_altar, uniq_grum

Skill      XL: |  1  2  3  4  5  6  7  8  9 |
---------------+----------------------------+-----
Transmutations | 3 |  3.0
Poison Magic   | 1 2 3 4 5 |  5.0
Fighting       | 2 3 4 5 6 |  6.6
Shields        | 2 3 |  3.0
Unarmed Combat | 5 6 8 |  8.6
Spellcasting   | 3 4 5 |  5.5
Dodging        | 3 5 |  5.2

Action                   |  1- 3 |  4- 6 |  7- 9 | 10-12 || total
-------------------------+-------+-------+-------+-------++-------
Melee: Unarmed           |    63 |   150 |   227 |    49 ||   489
       Kick              |     8 |    17 |       |       ||    25
       Constrict         |    18 |    32 |       |       ||    50
       Tentacles         |     8 |    22 |       |       ||    30
       Punch             |     1 |     2 |       |       ||     3
 Fire: Hunting sling     |       |    15 |    27 |       ||    42
Throw: Javelin           |     3 |    29 |       |       ||    32
 Cast: Beastly Appendage |     8 |    21 |       |       ||    29
       Sticks to Snakes  |     2 |     7 |    14 |       ||    23
       Spider Form       |       |     5 |    37 |    12 ||    54
Invok: Curse Item        |       |     1 |       |       ||     1
  Use: Scroll            |       |       |       |     1 ||     1
       Potion            |       |       |       |     1 ||     1
 Stab: Sleeping          |     5 |     7 |       |       ||    12
  Eat: Chunk             |     1 |     7 |    14 |     1 ||    23
       Ration            |       |     1 |     1 |     1 ||     3
Armor: Skin              |    10 |    19 |     6 |     2 ||    37
Dodge: Dodged            |    42 |    69 |   186 |    52 ||   349
Block: Buckler           |       |     9 |     1 |       ||    10

Table legend:
 A = Non-vault XP
 B = Vault XP
 C = Vault XP percentage of total XP
 D = Non-vault monster count
 E = Vault monster count
 F = Vault count percentage of total count
 G = Total turns spent on level
                 A         B        C        D         E       F
            +---------+---------+-------+---------+---------+-------
      Total |    4033 |    1123 |  21.8 |     161 |       5 |   3.0
            +---------+---------+-------+---------+---------+-------
        D:1 |      41 |       3 |   6.8 |      20 |       1 |   4.8
        D:2 |      95 |       0 |   0.0 |      29 |       0 |   0.0
        D:3 |     137 |       0 |   0.0 |      31 |       0 |   0.0
        D:4 |     397 |       0 |   0.0 |      11 |       0 |   0.0
        D:5 |     150 |       0 |   0.0 |       8 |       0 |   0.0
        D:6 |     975 |     457 |  31.9 |      20 |       3 |  13.0
        D:7 |    1115 |       0 |   0.0 |      19 |       0 |   0.0
        D:8 |    1013 |     663 |  39.6 |      22 |       1 |   4.3
        D:9 |     110 |       0 |   0.0 |       1 |       0 |   0.0
            +---------+---------+-------+---------+---------+-------
